Unix NetHack Version 5.0.0-0 post-release - last build May 10 2026 23:12:36 (d1fa5d53e341ca933230fdaa984d921c805b60aa,branch:main).

Game began 2026-05-15 04:21:32, ended 2026-05-15 09:21:24.

ArrBianca, lawful female dwarven Archeologist

 --------                               ------
 |.>....|   ############################+....|
 |^...k.|####    ----------------     # |<...|
 |......-###0    |..............|   ####.(...|
 --.-----        |...............#  #  #|....|
   #             |.......>......|%###  #------
   #             ----------------##    ##
   #                             ##     ##
   ##                            ##      ##
    ##                            #       #
     ##          #                #       #
      #          @               ###      #
      #          #B              #0###    #
  ----|-     #####                 #-.----#
  |.[...    ##   |                  ..{..|#
  |....|     #   ..                 |....|#
  |.....######  .....               |.....#
  |....|     #+ .....|              -.----
  ------       -------               #

ArrBianca the Field Worker  St:12 Dx:8 Co:13 In:16 Wi:16 Ch:10  Lawful
Dlvl:3  $:44 HP:0(27) Pw:12(12) AC:9  Xp:3 T:1181 

Latest messages:
 m - 2 throwing stars (at the ready).
 In what direction? y
 The throwing star hits the floating eye!
 You find a hidden door.
 In what direction? k
 The throwing star hits the floating eye.
 In what direction? k
 Snap!
 In what direction? k
 Snap!
 What do you want to throw? [$ or ?*] i
 In what direction? k
 The pear misses the floating eye.
 What do you want to throw? [$ or ?*] g
 In what direction? k
 The touchstone misses the floating eye.
 You lash the floating eye.
 You kill the floating eye!
 y - a floating eye corpse.
 What do you want to eat? [doqy or ?*] y
 This floating eye corpse tastes terrible!
 You finish eating the floating eye corpse.
 You feel a strange mental acuity.
 g - an uncursed touchstone (in quiver pouch).
 i - a pear.
 e - a +0 pick-axe.
 Ouch!  You bump into a door.
 The door opens.
 You see here a splint mail.
 z - a lembas wafer.
 You hear someone cursing shoplifters.
 $ - 6 gold pieces (44 in total).
 You miss the giant bat.
 The giant bat bites!
 The giant bat bites!
 You lash the giant bat.
 The giant bat bites!
 The giant bat bites!
 The giant bat bites!
 The giant bat bites!
 You miss the giant bat.
 The giant bat bites!
 The giant bat bites!
 You miss the giant bat.
 The giant bat bites!
 In what direction? j
 The touchstone misses the giant bat.
 The giant bat bites!
 You die...
 Do you want an account of creatures vanquished? [ynaq] (y) q

Inventory:
 Coins    ('$')
  $ - 44 gold pieces
 Weapons  (')')
  a - a +2 bullwhip (weapon in right hand)
 Armor    ('[')
  c - an uncursed +0 fedora (being worn)
  b - an uncursed +0 leather jacket (being worn)
 Comestibles  ('%')
  d - 3 uncursed food rations
  z - an uncursed lembas wafer
  i - an uncursed pear
  q - an uncursed homemade tin of fox meat
  o - 4 uncursed homemade tins of jackal meat
 Scrolls  ('?')
  x - an uncursed scroll of confuse monster
  p - a cursed scroll of identify
  t - an uncursed scroll of remove curse
 Potions  ('!')
  j - a blessed potion of gain level
  k - a blessed potion of object detection
 Rings    ('=')
  u - an uncursed ring of see invisible
 Tools    ('(')
  h - an empty uncursed sack
  e - a +0 pick-axe
  f - a tinning kit (0:64)

ArrBianca the Archeologist's attributes:

Background:
 You were a Field Worker, a level 3 female dwarven Archeologist.
 You were lawful, on a mission for Quetzalcoatl
 who was opposed by Camaxtli (neutral) and Huhetotl (chaotic).
 You were right-handed.
 You were in the Dungeons of Doom, on level 3.
 You entered the dungeon 1181 turns ago.
 You had 56 experience points, 24 more were needed to attain level 4.

Basics:
 You had 0 out of 27 hit points.
 You had all 12 energy points (spell power).
 Your armor class was 9.
 Your wallet contained 44 zorkmids.
 Autopickup was on for '$?!/="+%' plus thrown, with exceptions.

Final Characteristics:
 Your strength was 12 (limit:18/100).
 Your dexterity was 8 (limit:20).
 Your constitution was 13 (limit:20).
 Your intelligence was 16 (limit:16).
 Your wisdom was 16 (limit:16).
 Your charisma was 10 (limit:16).

Final Status:
 You weren't hungry.
 You were unencumbered.
 You were wielding a whip.
 You had basic skill with whip.

Final Attributes:
 You were devoutly aligned.
 You were telepathic.
 You had automatic searching.
 You had infravision.
 You were lucky.
 You are dead.

Miscellaneous:
 You didn't encounter any bones levels.
 Total elapsed playing time was 7 minutes and 28 seconds.

Major events:
 Turn
    1: ArrBianca the lawful female dwarven Archeologist entered the dungeon
  987: attained the rank of Field Worker (level 3)
 1181: killed by a giant bat

You didn't know any spells.

Skills:
 Fighting Skills
   bare handed combat [Unskilled]
   two weapon combat  [Unskilled]
   riding             [Unskilled]
 Weapon Skills
   dagger             [Unskilled]
   knife              [Unskilled]
   pick-axe           [Basic]
   short sword        [Unskilled]
   saber              [Unskilled]
   club               [Unskilled]
   quarterstaff       [Unskilled]
   sling              [Unskilled]
   dart               [Unskilled]
   boomerang          [Unskilled]
   whip               [Basic]
   unicorn horn       [Unskilled]
 Spellcasting Skills
   attack spells      [Unskilled]
   healing spells     [Unskilled]
   divination spells  [Unskilled]
   matter spells      [Unskilled]

Voluntary challenges:
 Character rerolling was not enabled.
 You never had a pet.
 You never genocided any monsters.
 You never polymorphed an object.
 You never changed form.
 You used no wishes.
Achievement:
 You attained the rank of Field Worker.

 The Dungeons of Doom: levels 1 to 3
    Level 1:
       A fountain.
    Level 2:
    Level 3: <- You were here.
       A sink.
       Final resting place for
          you, killed by a giant bat.


Vanquished creatures:
  a floating eye
 an acid blob
  2 giant rats
  2 green molds
  a gnome zombie
  5 jackals
  2 foxes
  a goblin
  a grid bug
  a lichen
  2 kobold zombies
  9 newts
28 creatures vanquished.

No species were genocided or became extinct.

Game over:
                       ----------
                      /          \
                     /    REST    \
                    /      IN      \
                   /     PEACE      \
                  /                  \
                  |    ArrBianca     |
                  |      44 Au       |
                  |   killed by a    |
                  |    giant bat     |
                  |                  |
                  |                  |
                  |       2026       |
                 *|     *  *  *      | *
        _________)/\\_//(\/(/\)/\//\/|_)_______

Goodbye ArrBianca the Archeologist...

You died in The Dungeons of Doom on dungeon level 3 with 364 points,
and 44 pieces of gold, after 1181 moves.
You were level 3 with a maximum of 27 hit points when you died.

